 Dungeon Crawl Stone Soup version 0.28-a0-410-gbef64dd269 (webtiles) character file.

Game seed: 16334855634755269002

1568 jt the Chopper (level 8, 0/49 HPs)
             Began as a Tengu Cinder Acolyte on Sept 6, 2021.
             Was a High Priest of Ignis.
             Slain by a vampire mosquito (9 damage)
             ... on level 6 of the Dungeon.
             The game lasted 00:17:07 (6864 turns).

jt the Chopper (Tengu Cinder Acolyte)               Turns: 6864, Time: 00:17:08

Health: 0/49       AC:  3    Str: 16    XL:     8   Next: 90%
Magic:  14/14      EV: 13    Int: 15    God:    Ignis [*****.]
Gold:   214        SH:  0    Dex: 12    Spells: 9/14 levels left

rFire   + . .      SeeInvis +   a - +5 broad axe (flame)
rCold   . . .      Faith    .   (no shield)
rNeg    . . .      Spirit   .   b - +0 robe
rPois   .          Reflect  .   (helmet restricted)
rElec   .          Harm     .   (no cloak)
rCorr   .          Rampage  .   s - +1 pair of gloves
Will    .....                   (boots unavailable)
Stlth   ++........              (no amulet)
HPRegen 0.16/turn               D - ring of see invisible
MPRegen 0.14/turn               w - ring of wizardry

@: mighty, flying quickly and evasively, quick
A: beak, talons 3, nimble flight, horns 1, thin skeletal structure 1, deformed
body
a: Renounce Religion, Sea of Fire, Foxfire Swarm, Rising Flame


You were on level 6 of the Dungeon.
You worshipped Ignis.
Ignis was extremely pleased with you.
You visited 1 branch of the dungeon, and saw 6 of its levels.

You collected 214 gold pieces.

Inventory:

Hand Weapons
 a - a +5 broad axe of flaming (weapon)
 g - a +0 spear
 h - a -1 hand axe of flaming
 y - a +0 war axe
 B - a +1 dagger of freezing
Missiles
 d - 5 boomerangs
 n - 75 stones
 r - 18 sling bullets
 x - 67 bolts
 F - 4 poisoned darts (quivered)
Armour
 b - a +0 robe (worn)
 m - a +0 chain mail
 o - a +0 ring mail
 s - a +1 pair of gloves (worn)
 u - a +0 kite shield
Jewellery
 l - a +6 ring of dexterity
 w - a ring of wizardry (right hand)
 D - a ring of see invisible (left hand)
Wands
 p - a wand of paralysis (4)
Scrolls
 t - a scroll of fear
 E - a scroll of magic mapping {unknown}
Potions
 f - 5 potions of curing
 i - 2 potions of mutation
 j - a potion of cancellation {unknown}
 k - a potion of haste {unknown}
 q - a potion of might
 v - a potion of ambrosia {unknown}
 z - 2 potions of brilliance {unknown}
 G - a potion of lignification {unknown}


   Skills:
 - Level 5.0 Fighting
 + Level 7.5 Axes
 + Level 5.2 Shields
 - Level 3.6 Spellcasting
 - Level 5.5 Fire Magic


You had 9 spell levels left.
You knew the following spells:

 Your Spells              Type           Power      Damage    Failure   Level
a - Scorch                Fire           38%        2d7       1%          2
b - Vampiric Draining     Necr           1%         2d6       22%         3

Your spell library contained the following spells:

 Spells                   Type           Power      Damage    Failure   Level
 Slow                     Hex            2%         N/A       12%         2
 Confusing Touch          Hex            2%         N/A       22%         3


Dungeon Overview and Level Annotations

Branches:
Dungeon (6/15)
 Temple: D:4-7

Altars:

Shops:
D:4 =

Annotations:
D:6 Sigmund


Innate Abilities, Weirdness & Mutations

You have a beak for a mouth.
You have claws for feet.
Your magical nature lets you fly swiftly and evasively.
You have a pair of small horns on your head.
You have a somewhat thin skeletal structure. (Dex +2, Stealth+)
Armour fits poorly on your strangely shaped body.


Message History

As you read the scroll labelled EKEGRU CEHEMN, it crumbles to dust.
You hear a loud clanging noise!
It was a scroll of noise.
You hear a shout! x4; You hear a croak.
You hear an angry hiss.
The lemure barely misses you.
As you read the scroll of teleportation, it crumbles to dust.
You feel strangely unstable. The water moccasin closely misses you.
The water moccasin completely misses you.
Your surroundings suddenly seem different.
A wight and a skeleton come into view.
The bullfrog skeleton moves out of view.
A vampire mosquito comes into view.
The vampire mosquito buzzes angrily.
A vampire mosquito comes into view.
As you read the scroll labelled IGEISY OZUADD, it crumbles to dust.
It is a scroll of amnesia.
Really abort (and waste the scroll)?
Okay, then.
It was a potion of mutation.
You feel extremely strange.
Your body twists and deforms.
Your bones become slightly less dense.
A pair of horns grows on your head! The vampire mosquito bites you!
* * * LOW HITPOINT WARNING * * *
The vampire mosquito draws strength from your injuries!
The vampire mosquito bites you!
* * * LOW HITPOINT WARNING * * *
The vampire mosquito draws strength from your injuries!
Okay, then.
Okay, then.
Press: ? - help, v - describe, . - travel
Here: a vampire mosquito The floor.
You feel better.
Press: ? - help, v - describe, . - travel
Here: a vampire mosquito The floor.
It was a potion of might.
You feel very mighty all of a sudden. The vampire mosquito bites you!
You die...

.o .. ............ .
........... ..
#.......... ...####
##.......... .......
#........... ..##...###
#...#..z....
.......@.####...........
.###..y................#
#..y.....###....#..##
#....##...z.#....#..##
...... #..........#....
...##.. #..........#....
#.. #....#.###..##......
## ....#### ...# #.#...
..... .....# ###..


You could see 2 vampire mosquitoes and a wight.

Vanquished Creatures
  Grinder (D:3)
  2 sky beasts (D:5)
  A necrophage (D:5)
  An ogre (D:3)
  A bullfrog (D:6)
  2 phantoms (D:4)
  3 scorpions
  2 jellies (D:4)
  A bullfrog zombie (D:5)
  A bullfrog skeleton (D:6)
  3 orc priests
  2 hounds
  An iguana (D:5)
  4 orc wizards
  8 adders
  5 gnolls
  An ufetubus (D:4)
  An adder skeleton (D:5)
  4 worms
  3 dart slugs
  15 orcs
  5 bats
  9 endoplasms
  6 giant cockroaches
  7 goblins
  9 hobgoblins
  7 jackals
  9 kobolds
  5 quokkas
  15 ball pythons
  6 frilled lizards
  5 rats
145 creatures vanquished.

Vanquished Creatures (others)
  39 foxfires (D:3)
39 creatures vanquished.

Grand Total: 184 creatures vanquished

Notes
Turn   | Place    | Note
-------+----------+-------------------------------------------
     0 | D:1      | jt the Tengu Cinder Acolyte began the quest for the Orb.
     0 | D:1      | Reached XP level 1. HP: 14/14 MP: 3/3
   263 | D:1      | Reached XP level 2. HP: 19/19 MP: 4/4
   417 | D:1      | Learned a level 2 spell: Scorch
   520 | D:1      | Reached skill level 4 in Axes
   752 | D:1      | Reached XP level 3. HP: 23/23 MP: 2/5
  1938 | D:2      | Reached XP level 4. HP: 28/28 MP: 4/7
  2291 | D:2      | Found a faded altar of an unknown god.
  3016 | D:3      | Gained mutation: Your magical nature lets you fly swiftly
                  | and evasively. [Tengu growth]
  3016 | D:3      | Reached XP level 5. HP: 28/32 MP: 4/9
  3841 | D:3      | Learned a level 3 spell: Vampiric Draining
  3870 | D:3      | Noticed Grinder
  3885 | D:3      | Paralysed by Grinder for 2 turns
  3917 | D:3      | Killed Grinder
  3918 | D:3      | Reached skill level 5 in Axes
  3918 | D:3      | Reached skill level 1 in Shields
  3918 | D:3      | Reached XP level 6. HP: 38/38 MP: 7/11
  4392 | D:3      | Reached XP level 7. HP: 28/44 MP: 2/12
  4748 | D:4      | Reached skill level 5 in Fire Magic
  4880 | D:4      | Found Ralul's Jewellery Emporium.
  5409 | D:4      | Reached XP level 8. HP: 40/48 MP: 3/14
  5437 | D:4      | Reached skill level 5 in Fighting
  5823 | D:5      | Entered Level 5 of the Dungeon
  5824 | D:5      | Identified a scroll of acquirement
  5825 | D:5      | Acquired a +5 broad axe of flaming
  5867 | D:5      | Reached skill level 6 in Axes
  6501 | D:5      | Reached skill level 7 in Axes
  6716 | D:6      | Reached skill level 5 in Shields
  6721 | D:6      | Noticed Sigmund
  6862 | D:6      | Gained mutation: Armour fits poorly on your strangely
                  | shaped body. [potion of mutation]
  6862 | D:6      | Gained mutation: You have a somewhat thin skeletal
                  | structure. (Dex +2, Stealth+) [potion of mutation]
  6862 | D:6      | Gained mutation: You have a pair of small horns on your
                  | head. [potion of mutation]
  6862 | D:6      | HP: 1/49 [vampire mosquito (8)]
  6864 | D:6      | Slain by a vampire mosquito

Illustrated notes

Levels and vault maps discovered:
D:1:      saegor_arrival_under_anarchy, layout_basic
D:2:      layout_loops_ring, chequers_ecumenical_altar_simple
D:3:      layout_basic, minivault_24, minmay_divided_ellipse, uniq_grinder
D:4:      layout_loops_ring, minmay_shop_enchanted_jewellery
D:5:      layout_rooms
D:6:      layout_cave_pools, dancing_weapons_uskayaw, uniq_pikel, uniq_sigmund

Skill      XL: |  1  2  3  4  5  6  7  8 |
---------------+-------------------------+-----
Axes           | 4 5 7 |  7.5
Spellcasting   | 2 3 |  3.6
Fire Magic     | 4 5 |  5.5
Fighting       | 4 5 |  5.0
Shields        | 1 2 5 |  5.2

Action                   |  1- 3 |  4- 6 |  7- 9 || total
-------------------------+-------+-------+-------++-------
Melee: Hand axe          |    54 |    27 |    32 ||   113
       Kick              |     8 |     9 |    16 ||    33
       Peck              |     2 |     4 |    12 ||    18
       Broad axe         |       |       |    29 ||    29
Throw: Boomerang         |     3 |     1 |     4 ||     8
       Dart              |       |       |     6 ||     6
 Cast: Scorch            |    27 |    59 |    72 ||   158
Invok: Foxfire Swarm     |       |     2 |       ||     2
  Use: Scroll            |       |       |     9 ||     9
       Potion            |       |       |     3 ||     3
Armor: Robe              |     7 |     4 |    10 ||    21
Dodge: Dodged            |    35 |    12 |    49 ||    96

Table legend: (Time is in decaauts)
 A = Elapsed time spent in this place.
 B = Non-inter-level travel time spent in this place.
 C = Inter-level travel time spent in this place.
 D = Time resting spent in this place.
 E = Time spent auto-exploring this place.
 F = Levels seen in this place.
 G = Mean time per level.
                   A        B        C        D        E       F      G
               +--------+--------+--------+--------+--------+-----+--------+
         Total |   6694 |   6501 |    193 |   2404 |   2684 |   6 | 1115.7 |
       Dungeon |   6694 |   6501 |    193 |   2404 |   2684 |   6 | 1115.7 |
               +--------+--------+--------+--------+--------+-----+--------+

Top non-repeatable levels by time:
     D:1: 1653 daAuts
     D:3: 1603 daAuts
     D:2: 1389 daAuts
     D:4: 1061 daAuts
     D:5: 932 daAuts
     D:6: 54 daAuts
